 Dungeon Crawl Stone Soup version 0.27.0-1-g7a089689b8 (webtiles) character file.

Game seed: 11765701875771615715

191 lessens the Conjurer (level 5, -1/38 HPs)
             Began as a Ghoul Conjurer on Aug 12, 2021.
             Was an Initiate of Okawaru.
             Slain by a troll (14 damage)
             ... on level 7 of the Dungeon.
             The game lasted 00:06:16 (5831 turns).

lessens the Conjurer (Ghoul Conjurer)               Turns: 5831, Time: 00:06:16

Health: -1/38      AC:  2    Str: 12    XL:     5   Next: 70%
Magic:  8/8        EV: 11    Int: 13    God:    Okawaru [......]
Gold:   33         SH:  0    Dex:  7    Spells: 9/10 levels left

rFire    . . .     SeeInvis .     - Unarmed
rCold    + . .     Faith    .   (no shield)
rNeg     + + +     Spirit   .   a - +0 robe
rPois    ∞         Reflect  .   (no helmet)
rElec    .         Harm     .   (no cloak)
rCorr    .         Rampage  .   (no gloves)
Will     .....                  (no boots)
Stlth    ++........             (no amulet)
HPRegen  0.00/turn              (no ring)
MPRegen  0.11/turn              (no ring)

@: inhibited regen
A: claws 1, cold resistance 1, negative energy resistance 3, inhibited
regeneration, torment resistance 2
a: Renounce Religion


You were on level 7 of the Dungeon.
You worshipped Okawaru.
Okawaru was noncommittal.
You visited 2 branches of the dungeon, and saw 6 of its levels.

You collected 103 gold pieces.
You spent 70 gold pieces at shops.

Inventory:

Missiles
 b - 79 stones
 i - 13 poisoned darts
Armour
 a - a +0 robe (worn)
 d - a +0 hat
Scrolls
 c - 2 scrolls of identify
 k - 4 scrolls of blinking
 l - a scroll of teleportation
Potions
 f - a potion of invisibility
 h - a potion of curing
 n - a potion of resistance {unknown}


   Skills:
 - Level 1.7 Dodging
 - Level 2.1 Stealth
 + Level 3.2 Unarmed Combat
 + Level 3.0 Spellcasting
 + Level 4.2 Conjurations


You had 9 spell levels left.
You knew the following spells:

 Your Spells              Type           Power      Damage    Failure   Level
a - Magic Dart            Conj           48%        1d5       4%          1

Your spell library contained the following spells:

 Spells                   Type           Power      Damage    Failure   Level
 Searing Ray              Conj           24%        3d4       6%          2
 Dazzling Flash           Conj/Hex       14%        N/A       28%         3
 Call Imp                 Summ           1%         N/A       34%         2
 Mephitic Cloud           Conj/Pois/Air  5%         N/A       36%         3
 Fulminant Prism          Conj/Hex       3%         3d6       67%         4
 Iskenderun's Mystic Bla  Conj/Tloc      7%         2d4       67%         4
 Animate Dead             Necr           0%         N/A       92%         4
 Borgnjor's Vile Clutch   Necr/Erth      0%         N/A       99%         5
 Death Channel            Necr           0%         N/A       100%        6


Dungeon Overview and Level Annotations

Branches:
Dungeon (4/15)             Temple (1/1) D:4

Altars:
Cheibriados
Dithmenos
Elyvilon
Gozag
Hepliaklqana
Kikubaaqudgha
Nemelex Xobeh
Okawaru
Ru
Sif Muna
Xom
Yredelemnul
Zin

Shops:
D:3 ?

Annotations:
D:2 Sigmund
D:3 Grinder


Innate Abilities, Weirdness & Mutations

You thrive by killing the living.
You are immune to poison.
You have sharp fingernails.
Your flesh is cold resistant. (rC+)
You are immune to negative energy. (rN+++)
You do not regenerate when monsters are visible.
You are immune to unholy pain and torment.


Message History

The giant cockroach closely misses you.
The magic dart hits the giant cockroach but does no damage.
The giant cockroach bites you but does no damage.
The magic dart hits the giant cockroach.
The giant cockroach is severely wounded.
The giant cockroach barely misses you.
The magic dart hits the giant cockroach.
The giant cockroach is almost dead.
The giant cockroach bites you.
The magic dart hits the giant cockroach.
You kill the giant cockroach!
Okawaru accepts your kill.
You are too depleted to draw on your mana recklessly!
You see here a giant cockroach corpse.
You start resting.
You hear the brisk hiss of an avalanche of sand.
You start resting.
HP restored.
You start resting.
Magic restored.
You fall into a shaft and drop 3 floors!
The shaft crumbles and collapses.
A lemure comes into view.
The lemure shouts!
Found a scroll labelled BEICUA OSEI.
Found a stone staircase leading down.
Unknown command.
Unknown command.
Unknown command.
Found a scroll labelled DURROC JAEMIGU and 6 gold pieces.
A troll comes into view.
The lemure completely misses you. The lemure hits you!
Found 2 scrolls labelled BEICUA OSEI and a shortbow.
A scorpion comes into view.
Found 13 gold pieces.
A troll comes into view.
The troll shouts!
The troll bites you! The troll claws you but does no damage.
The troll claws you!
You die...

##.# #.# #.. ..#
#.# #..###.# #.#
...##.###.######
##..##s.....?..)..
#...##.###.#######
#..##.# #.#
#.##..##.# #.#
#....@5..# #..
.....$.T#### ###
..#####.# ..# ####


You could see a troll and a lemure.

Vanquished Creatures
  Natasha (twice) (D:3)
  A howler monkey skeleton (D:4)
  An adder (D:2)
  An adder skeleton (D:4)
  2 worms
  A dart slug (D:2)
  7 orcs
  4 ball pythons
  11 endoplasms
  6 giant cockroaches
  9 goblins
  8 hobgoblins
  8 jackals
  6 quokkas
  4 bats
  2 frilled lizards (D:1)
  8 kobolds
  5 rats
86 creatures vanquished.

Vanquished Creatures (collateral kills)
  A hound skeleton (D:4)
1 creature vanquished.

Vanquished Creatures (others)
  11 plants (D:1)
11 creatures vanquished.

Grand Total: 98 creatures vanquished

Notes
Turn   | Place    | Note
-------+----------+-------------------------------------------
     0 | D:1      | lessens the Ghoul Conjurer began the quest for the Orb.
     0 | D:1      | Reached XP level 1. HP: 14/14 MP: 2/2
   290 | D:1      | Reached XP level 2. HP: 8/20 MP: 0/3
   291 | D:1      | Reached skill level 1 in Unarmed Combat
  1133 | D:1      | Reached XP level 3. HP: 26/26 MP: 2/5
  1744 | D:1      | Found a faded altar of an unknown god.
  2330 | D:2      | Reached XP level 4. HP: 33/33 MP: 3/6
  2986 | D:2      | Noticed Sigmund
  3411 | D:3      | Found a shadowy altar of Dithmenos.
  3413 | D:3      | Found a shimmering blue altar of Sif Muna.
  4136 | D:3      | Noticed Grinder
  4139 | D:3      | Paralysed by Grinder for 7 turns
  4152 | D:3      | Paralysed by Grinder for 7 turns
  4359 | D:3      | Found Garit's Magic Scroll Boutique.
  4394 | D:3      | Bought a scroll of teleportation for 42 gold pieces
  4394 | D:3      | Bought a scroll of identify for 28 gold pieces
  4423 | D:3      | Noticed Natasha
  4436 | D:3      | Killed Natasha
  4437 | D:3      | Reached skill level 4 in Conjurations
  4437 | D:3      | Reached XP level 5. HP: 8/38 MP: 0/8
  5174 | D:3      | Noticed Natasha
  5184 | D:3      | Killed Natasha
  5493 | D:4      | Found a staircase to the Ecumenical Temple.
  5508 | Temple   | Entered the Ecumenical Temple
  5658 | Temple   | Became a worshipper of Warmaster Okawaru
  5764 | D:4      | You fall into a shaft and drop 3 floors!
  5764 | D:7      | Noticed a lemure
  5790 | D:7      | Noticed a troll
  5830 | D:7      | Noticed a troll
  5831 | D:7      | Slain by a troll

Illustrated notes

Levels and vault maps discovered:
D:1:      onia_arrival_handbag, layout_loops_cross,
          ebering_ecumenical_altar_box, serial_bayou_lagoon_a, eino_curves_01
D:2:      layout_loops_ring, uniq_sigmund
D:3:      layout_loops_corners, minitemple, serial_shops, shop_statue,
          kennysheep_generic_room_12, uniq_natasha, uniq_grinder
D:4:      layout_rooms, minmay_temple_entry_hall, nicolae_ossuary_entry_giza,
          amcnicky_mini_corridor_feature
D:7:      layout_loops_ring, nicolae_uskayaw_suspiria, serial_shops,
          shop_fountains, nicolae_underground_beach, uniq_pikel
Temple:   minmay_temple_bridge_abc

Skill      XL: |  1  2  3  4  5 |
---------------+----------------+-----
Unarmed Combat | 1 2 3 |  3.2
Spellcasting   | 2 3 |  3.0
Conjurations   | 4 |  4.2
Dodging        | |  1.7
Stealth        | |  2.1

Action                   |  1- 3 |  4- 6 || total
-------------------------+-------+-------++-------
Melee: Unarmed           |    19 |    53 ||    72
 Cast: Magic Dart        |    91 |   116 ||   207
  Use: Scroll            |       |     8 ||     8
Armor: Robe              |     4 |    10 ||    14
Dodge: Dodged            |    12 |    35 ||    47
